Map: Triton LE

Players

MegroN - Winner!

  • Race: Terran Terran
  • League: Diamond
  • Spawn Location: 5:00

HePhaStiaN

  • Race: Protoss Protoss
  • League: Diamond
  • Spawn Location: 11:00

VOD

Have the link to the VOD?

Description

Time

  • Played on: Nov. 24, 2019, 3:47 p.m.
  • Length: 12:31
Show
View Real Time Build Order
Export as new Build Order

MegroN Terran - Winner!

Build Orders: Reaper Expand 

Get SALT Encoding   

  12  0:01  SCV  
  13  0:13  SCV  
  14  0:17  Supply Depot  
  14  0:25  SCV  
  15  0:39  SCV  
  15  0:42  Barracks  
  16  0:45  Refinery  
  16  0:51  SCV  
  17  1:03  SCV  
  18  1:19  SCV  
  19  1:34  Orbital Command  
  19  1:37  Reaper  
  20  1:51  Command Center  
  20  2:16  Supply Depot  
  20  2:18  Marine  
  20  2:19  SCV  
  20  2:21  Factory  
  22  2:37  Bunker  
  22  2:38  Barracks Tech Lab  
  21  2:44  SCV  
  21  2:48  Bunker  
  22  2:56  SCV  
  22  2:58  Marauder  
  25  3:05  Widow Mine  
  28  3:08  SCV  
  28  3:13  Stimpack  
  28  3:14  SCV  
  29  3:20  SCV  
  30  3:33  Widow Mine, SCV  
  32  3:34  Orbital Command  
  32  3:45  SCV  
  33  3:50  Marauder  
  35  3:57  SCV  
  35  4:01  SCV  
  38  4:10  SCV  
  38  4:13  SCV  
  38  4:16  Hellion, Barracks  
  41  4:19  Barracks  
  41  4:22  SCV  
  41  4:23  Refinery  
  42  4:25  SCV  
  42  4:30  Starport  
  43  4:34  Supply Depot, SCV  
  43  4:36  Supply Depot  
  43  4:38  Hellion  
  46  4:56  Marauder, SCV x2  
  49  5:09  Medivac  
  49  5:11  Widow Mine, Barracks Tech Lab, Barracks Reactor  
  52  5:15  SCV  
  52  5:16  Supply Depot  
  52  5:20  Marine  
  54  5:39  Marauder  
  56  5:49  SCV  
  57  5:52  Marine x2  
  57  5:53  Marauder  
  59  6:00  Marauder  
  57  6:10  Marine x2  
  57  6:13  Marine, Factory Tech Lab  
  57  6:16  SCV  
  59  6:21  Marine  
  59  6:24  Engineering Bay  
  60  6:28  Marine x2, SCV  
  60  6:31  Marine  
  64  6:37  Cyclone  
  64  6:38  Viking  
  63  7:08  Viking  
  53  7:19  Cyclone  
  53  7:20  SCV  
  49  7:25  SCV  
  47  7:31  Starport  
  47  7:32  SCV  
  49  7:37  SCV  
  49  7:38  Marine x4  
  49  7:42  Starport Reactor  
  53  7:44  SCV  
  53  7:49  SCV  
  55  7:56  Marine x4, SCV  
  60  8:11  Starport Reactor  
  60  8:19  Marine x4  
  64  8:20  Armory  
  64  8:26  SCV x2  
  64  8:36  Marine  
  64  8:38  SCV  
  64  8:39  SCV  
  66  8:50  SCV  
  62  9:07  Viking  
  62  9:08  Viking x3  
  65  9:27  Refinery  
  65  9:31  Refinery  
  65  9:36  Supply Depot  
  65  9:37  Viking, Supply Depot x3  
  65  9:38  Marine x3, Supply Depot, Command Center  
  67  9:42  Marine  
  67  9:43  Barracks  
  69  9:56  Marine x2  
  69  9:58  Thor  
  75  10:00  Supply Depot  
  75  10:04  Marine x2, Viking x3  
  79  10:09  Barracks  
  79  10:14  Marine x2  
  72  10:22  Marine x2  
  73  10:32  Marine x2  
  73  10:34  Missile Turret  
  73  10:35  Missile Turret  
  75  10:37  SCV x2  
  75  10:38  Viking x2  
  75  10:40  Marine  
  80  10:49  SCV  
  81  10:56  Medivac  
  83  11:08  Missile Turret  
  83  11:09  Orbital Command  
  83  11:10  Marine  
  86  11:11  Marauder  
  86  11:19  Supply Depot  
  86  11:21  Supply Depot  
  86  11:23  Supply Depot  
  86  11:34  Missile Turret  
  86  11:41  Refinery, Supply Depot  
  86  11:43  Medivac x3  
  86  11:44  Marine x3, Marauder  
  97  11:51  Engineering Bay  
  97  12:01  Refinery  
  97  12:05  Orbital Command  
  97  12:07  Missile Turret  
Show
View Real Time Build Order
Export as new Build Order

HePhaStiaN Protoss 

Build Orders:  

Get SALT Encoding   

  12  0:11  Probe  
  13  0:18  Pylon  
  13  0:23  Probe  
  14  0:35  Probe (Chrono Boost)  
  15  0:40  Gateway  
  15  0:45  Probe (Chrono Boost)  
  15  0:46  Assimilator  
  16  0:50  Probe (Chrono Boost)  
  16  0:56  Assimilator  
  17  1:01  Probe  
  18  1:14  Probe  
  19  1:26  Probe  
  19  1:30  Cybernetics Core  
  20  1:38  Probe  
  20  1:39  Pylon  
  21  1:50  Probe  
  22  2:02  Probe  
  22  2:08  Stalker (Chrono Boost)  
  25  2:09  Warp Gate  
  25  2:13  Stargate  
  25  2:28  Pylon  
  24  2:35  Stalker (Chrono Boost)  
  26  2:58  Fleet Beacon  
  26  3:00  Gateway x2  
  31  4:03  Pylon  
  31  4:05  Pylon  
  31  4:11  Nexus  
  31  4:30  Stargate  
  31  4:35  Stalker  
  31  4:36  Stalker x2  
  37  5:10  Pylon  
  37  5:11  Tempest (Chrono Boost)  
  37  5:22  Shield Battery  
  37  5:23  Shield Battery  
  37  5:25  Shield Battery  
  42  5:30  Tempest (Chrono Boost)  
  40  6:08  Probe (Chrono Boost)  
  40  6:11  Probe (Chrono Boost)  
  40  6:20  Probe (Chrono Boost)  
  40  6:25  Probe (Chrono Boost)  
  42  6:28  Tempest (Chrono Boost)  
  47  6:34  Stalker x2  
  47  6:52  Pylon  
  44  6:55  Stalker  
  43  7:03  Zealot  
  45  7:10  Tempest (Chrono Boost)  
  43  7:22  Probe (Chrono Boost)  
  49  7:36  Probe x2 (Chrono Boost)  
  53  7:44  Probe (Chrono Boost)  
  53  7:46  Probe (Chrono Boost)  
  53  7:47  Pylon  
  51  8:08  Tempest (Chrono Boost)  
  61  8:19  Tempest (Chrono Boost)  
  52  8:40  Stalker x2  
  52  8:41  Zealot  
  52  8:47  Probe  
  52  8:48  Probe  
  56  9:00  Probe x2  
  47  9:15  Probe (Chrono Boost)  
  47  9:16  Probe (Chrono Boost)  
  50  9:26  Probe (Chrono Boost)  
  50  9:28  Probe (Chrono Boost)  
  50  9:29  Tempest  
  56  9:33  Probe  
  56  9:36  Probe  
  58  9:39  Pylon  
  58  9:42  Pylon  
  58  9:43  Assimilator x2  
  59  9:45  Probe  
  59  9:48  Probe  
  50  10:24  Probe x2  
  52  10:36  Probe, Nexus  
  52  10:37  Pylon  
  52  10:41  Pylon  
  52  10:42  Probe  
  54  10:48  Probe  
  55  10:54  Probe  
  41  10:58  Carrier (Chrono Boost)  
  41  10:59  Forge  
  41  11:00  Probe  
  48  11:05  Stargate  
  48  11:06  Probe  
  49  11:13  Gateway  
  49  11:27  Stalker x2  
  49  11:28  Stalker  
  55  11:36  Photon Cannon  
  55  11:38  Photon Cannon  
  55  11:40  Photon Cannon  
  55  11:42  Photon Cannon  
  55  11:48  Probe  
  55  11:49  Probe  
  57  12:07  Zealot x4  
  57  12:10  Zealot x3  
  57  12:12  Zealot x3  
  57  12:13  Photon Cannon  
  62  12:15  Photon Cannon  
  62  12:20  Pylon  
  54  12:23  Pylon  
Tags
 
Add a new tag
Caveats
  • Supply blocks, unpowered buildings, or Contaminate may cause inaccurate times.
  • Supply counts are checked every 10 seconds.